Map: 永恒帝国-天梯版

Players

iGCoffeeMs (Coffee)

  • Race: Terran Terran
  • League: Master

夜蝶蝶蝶蝶蝶蝶蝶 (Firefly) - Winner!

  • Race: Protoss Protoss

Event: DreamHack SC2 Masters 2020 Fall

VOD

Have the link to the VOD?

Description

Time

  • Played on: Sept. 2, 2020, 7:49 a.m.
  • Length: 6:15

All games in this series

Show
View Real Time Build Order
Export as new Build Order

iGCoffeeMs Terran 

Build Orders: 1/1/1, Widow Mine Drop 

Get SALT Encoding   

  12  0:00  SCV  
  13  0:12  SCV  
  14  0:17  Supply Depot  
  14  0:24  SCV  
  14  0:27  Refinery  
  15  0:38  SCV  
  16  0:44  Barracks  
  16  0:50  SCV  
  16  0:57  Supply Depot  
  17  1:03  SCV  
  18  1:15  SCV  
  19  1:32  Factory, Marine  
  20  1:33  Orbital Command  
  20  1:39  Refinery  
  20  1:58  Barracks Reactor  
  20  2:00  SCV  
  21  2:12  SCV  
  22  2:15  Starport  
  22  2:19  Widow Mine  
  24  2:27  SCV, Supply Depot  
  25  2:34  Marine x2  
  27  2:39  SCV  
  27  2:42  Widow Mine  
  30  2:51  Medivac  
  30  2:52  Marine x2  
  30  2:57  Supply Depot  
  34  3:02  Armory  
  34  3:07  Widow Mine  
  36  3:14  Marine  
  36  3:15  Marine  
  37  3:29  Factory Tech Lab  
  37  3:32  Marine  
  37  3:33  Marine  
  39  3:36  Supply Depot  
  39  3:48  Thor  
  39  3:54  Marine x2  
  47  4:00  Supply Depot  
  47  4:15  Medivac  
  47  4:18  Marine x2  
  47  4:36  Marine x2  
  47  4:42  Siege Tank  
  50  4:54  Marine x2  
  51  5:12  Marine x2  
  51  5:33  Marine  
  46  5:38  Marine  
  38  5:51  Marine  
Show
View Real Time Build Order
Export as new Build Order

夜蝶蝶蝶蝶蝶蝶蝶 Protoss - Winner!

Build Orders: 1 Gate Expand, Oracle Opening, Phoenix Opening 

Get SALT Encoding   

  12  0:00  Probe  
  13  0:12  Probe  
  14  0:17  Pylon  
  14  0:24  Probe (Chrono Boost)  
  15  0:36  Gateway, Probe (Chrono Boost)  
  16  0:44  Probe (Chrono Boost)  
  16  0:47  Assimilator  
  17  0:51  Probe  
  18  1:03  Probe  
  19  1:15  Probe  
  20  1:23  Cybernetics Core  
  20  1:34  Nexus  
  20  1:40  Pylon  
  20  1:43  Probe  
  21  1:50  Assimilator  
  21  1:55  Probe  
  21  1:56  Adept (Chrono Boost)  
  24  2:03  Warp Gate  
  25  2:08  Probe  
  25  2:17  Adept (Chrono Boost)  
  25  2:20  Probe  
  28  2:31  Pylon  
  28  2:32  Probe  
  29  2:40  Stargate  
  29  2:43  Adept  
  31  2:46  Probe  
  31  2:49  Probe  
  33  2:58  Probe  
  34  3:01  Probe  
  35  3:10  Probe  
  36  3:13  Adept  
  36  3:14  Probe  
  39  3:20  Oracle (Chrono Boost)  
  39  3:22  Probe  
  43  3:30  Probe  
  43  3:32  Pylon  
  44  3:34  Probe  
  45  3:42  Probe  
  45  3:48  Gateway  
  46  3:50  Phoenix (Chrono Boost), Gateway  
  48  3:59  Probe  
  48  4:00  Probe  
  50  4:06  Phoenix (Chrono Boost)  
  51  4:20  Probe  
  51  4:23  Pylon, Probe  
  51  4:24  Phoenix  
  55  4:35  Probe  
  55  4:38  Probe  
  57  4:39  Assimilator  
  57  4:40  Assimilator  
  57  4:41  Pylon  
  57  4:45  Adept x3  
  57  4:47  Probe  
  64  4:56  Shield Battery x2  
  64  5:00  Pylon  
  64  5:05  Phoenix  
  66  5:16  Stalker x2  
  66  5:20  Stalker  
  68  5:41  Stalker x2  
  70  5:48  Stalker  
  65  6:00  Probe  

Tags
 
Add a new tag
Caveats
  • Supply blocks, unpowered buildings, or Contaminate may cause inaccurate times.
  • Supply counts are checked every 10 seconds.